 Dungeon Crawl Stone Soup version 0.31-a0-848-gaac375c287 (webtiles) character file.

Game seed: 7351705840879386060

2620675 RepHenryClay the Intangible (level 27, 176/224 HPs)
             Began as a Merfolk Shapeshifter on Oct 2, 2023.
             Was the Champion of the Shining One.
             Escaped with the Orb
             ... and 5 runes on Oct 5, 2023!
             The game lasted 03:41:39 (93772 turns).

RepHenryClay the Intangible (Merfolk Shapeshifter) Turns: 93772, Time: 03:41:39

Health: 176/224    AC: 15    Str: 15    XL:     27
Magic:  27/27      EV: 63    Int:  9    God:    the Shining One [******]
Gold:   1909       SH:  0    Dex: 23    Spells: 19/26 levels left

rFire   + .          .
                       - Unarmed
rCold   + . .        B - melded +0 buckler {AC+3}
rNeg    + + +        (body armour currently unavailable)
rPois   ∞            l - melded +2 helmet {Int+3}
rElec   +            Q - melded scarf {rC+ rF+}
rCorr   +            L - melded +1 pair of gloves
SInv    +            x - melded +2 pair of boots of Jigsaw {Int+5}
Will    +++..        j - amulet "Keyg" {Spirit rC+ rN+}
Stlth   +            E - ring "Yrureir" {rElec rF+ rCorr}
HPRegen 0.57/turn    K - ring of Muskin {Fly Will+ SInv}
MPRegen 0.20/turn

%: guardian spirit
@: storm-form, flying, glowing, studying 3 skills
A: cleaving, insubstantial, flying, (nimble swimmer 2), (mertail), clumsy 1,
(deformed body), dopey 1, frail 1, low MP 1, subdued magic 1, MP-powered wands
0: Orb of Zot
}: 5/15 runes: serpentine, barnacled, slimy, silver, abyssal
a: Blinkbolt, Begin Untransformation, Renounce Religion, Divine Shield,
Cleansing Flame, Summon Divine Warrior, Brand Weapon With Holy Wrath


You escaped.
You worshipped the Shining One.
The Shining One was exalted by your worship.
You were a lightning-filled tempest!
You visited 12 branches of the dungeon, and saw 56 of its levels.
You visited the Abyss 1 time.
You also visited: Trove, Sewer, Gauntlet and Ice Cave.

You collected 9098 gold pieces.
You spent 7189 gold pieces at shops.

Inventory:

Armour
 l - a +2 helmet of intelligence (melded)
 w - a +2 robe of resistance
 x - the +2 pair of boots of Jigsaw (melded) {Int+5}
   (Okawaru gifted it to you on level 1 of the Orcish Mines)

   Int+5:     It affects your intelligence (+5).
 B - a +0 buckler of protection (melded)
 I - the +0 hat of the Slimy God {rC+ Regen+ Str-3 Dex+5}
   (You found it on level 3 of the Elven Halls)

   Str-3:     It affects your strength (-3).
   Dex+5:     It affects your dexterity (+5).
   rC+:       It protects you from cold.
   Regen+:    It increases your rate of health regeneration.
 L - a +1 pair of gloves (melded)
 Q - a scarf of resistance (melded)
Jewellery
 a - a ring of protection from cold
 c - the ring "Gotiwkip" {rElec rC- rN+ Will+++ SInv}
   (You found it on level 5 of the Pits of Slime)

   [ring of see invisible]

   rC-:       It makes you vulnerable to cold.
   rElec:     It insulates you from electricity.
   rN+:       It protects you from negative energy.
   Will+++:   It greatly increases your willpower.
   SInv:      It lets you see invisible.
 d - an amulet of regeneration
 j - the amulet "Keyg" (around neck) {Spirit rC+ rN+}
   (You acquired it on level 4 of the Realm of Zot)

   [amulet of guardian spirit]

   Spirit:    It causes incoming damage to be divided between your reserves of
   health and magic.
   rC+:       It protects you from cold.
   rN+:       It protects you from negative energy.
 o - a ring of protection from fire
 v - a ring of willpower
 D - the ring of the Hippo {rPois rCorr Str-4 Slay+6}
   (You bought it in a shop on level 3 of the Snake Pit)

   [ring of resist corrosion]

   Str-4:     It affects your strength (-4).
   Slay+6:    It affects your accuracy & damage with ranged weapons and melee
   (+6).
   rPois:     It protects you from poison rCorr: It protects you from acid and
   corrosion.
 E - the ring "Yrureir" (left fist) {rElec rF+ rCorr}
   (You found it on level 3 of the Elven Halls)

   [ring of resist corrosion]

   rF+:       It protects you from fire.
   rElec:     It insulates you from electricity.
   rCorr:     It protects you from acid and corrosion.
 J - the ring of the Final Chapter {Fire Fly Str+2}
   (You found it on level 4 of the Lair of Beasts)

   [ring of fire]

   Fire:      It enhances your fire magic.
   Str+2:     It affects your strength (+2).
   rF+:       It protects you from fire.
   rC-:       It makes you vulnerable to cold.
   Fly:       It grants you flight.
 K - the ring of Muskin (right fist) {Fly Will+ SInv}
   (You bought it in a shop on level 1 of the Elven Halls)

   [ring of see invisible]

   Will+:     It increases your willpower.
   SInv:      It lets you see invisible.
   Fly:       It grants you flight.
 M - the ring of Zidudghu {rElec Will+ Str-5 Dex+2}
   (You found it in a treasure trove)

   [ring of willpower]

   Str-5:     It affects your strength (-5).
   Dex+2:     It affects your dexterity (+2).
   rElec:     It insulates you from electricity.
   Will+:     It increases your willpower.
Talismans
 R - a storm talisman (active)
 Y - a granite talisman
Wands
 g - a wand of paralysis (60)
 k - a wand of acid (18)
 F - a wand of iceblast (58)
 P - a wand of digging (8)
 W - a wand of mindburst (62)
Scrolls
 f - 7 scrolls of amnesia
 h - 7 scrolls of fog
 i - 4 scrolls of brand weapon
 m - 2 scrolls of blinking
 p - 40 scrolls of identify {@r1}
 q - 12 scrolls of teleportation
 t - 14 scrolls of enchant weapon
 u - 14 scrolls of enchant armour
 y - 3 scrolls of revelation
 C - a scroll of fear
 U - 2 scrolls of silence
 V - 4 scrolls of immolation
Potions
 b - 21 potions of curing
 e - 6 potions of brilliance
 n - 6 potions of magic
 r - 7 potions of mutation
 s - 12 potions of lignification
 z - 12 potions of ambrosia
 A - 6 potions of haste
 G - 11 potions of heal wounds
 H - 3 potions of enlightenment
 O - 4 potions of might
 S - 13 potions of attraction
 T - a potion of cancellation
 X - 3 potions of invisibility
 Z - 6 potions of resistance
Miscellaneous
 N - a lightning rod (4/4)


   Skills:
 O Level 27 Fighting
 O Level 27 Dodging
 - Level 20.0 Stealth
 - Level 6.0 Shields
 O Level 27 Unarmed Combat
 - Level 1.5 Conjurations
 + Level 12.1 Translocations
 - Level 1.5 Air Magic
 - Level 2.1 Poison Magic
 - Level 10.0 Invocations
 + Level 12.9 Evocations
 O Level 27 Shapeshifting


You had 19 spell levels left.
You knew the following spells:

 Your Spells              Type           Power      Damage    Failure   Level
a - Lesser Beckoning      Tloc           32%        N/A       1%          2
b - Mephitic Cloud        Conj/Pois/Air  2%         N/A       47%         3
Q - Blink                 Tloc           32%        N/A       1%          2

Your spell library contained the following spells:

 Spells                   Type           Power      Damage    Failure   Level
 Apportation              Tloc           32%        N/A       1%          1
 Gell's Gravitas          Tloc           16%        N/A       1%          3
 Teleport Other           Tloc           16%        N/A       1%          3
 Momentum Strike          Conj/Tloc      18%        3d8       2%          2
 Volatile Blastmotes      Fire/Tloc      16%        2d11      8%          3
 Magic Dart               Conj           8%         1d3       19%         1
 Iskenderun's Mystic Bla  Conj/Tloc      9%         2d4       21%         4
 Vhi's Electric Charge    Tloc/Air       18%        N/A       21%         4
 Sting                    Tmut/Pois      4%         1d3       22%         1
 Poisonous Vapours        Pois/Air       4%         N/A       24%         2
 Kiss of Death            Conj/Necr      4%         2d5       26%         1
 Searing Ray              Conj           4%         2d4       28%         2
 Static Discharge         Conj/Air       4%         2-3/arc   28%         2
 Dimensional Bullseye     Hex/Tloc       4%         N/A       28%         4
 Cigotuvi's Dreadful Rot  Necr/Pois/Air  2%         N/A       32%         2
 Freeze                   Ice            0%         1d3       34%         1
 Necrotise                Necr           0%         1d4       34%         1
 Sandblast                Erth           0%         2d4       34%         1
 Dispersal                Tloc           8%         N/A       34%         6
 Call Imp                 Summ           0%         N/A       47%         2
 Ensorcelled Hibernation  Hex/Ice        0%         N/A       47%         2
 Jinxbite                 Hex            0%         N/A       47%         2
 Passwall                 Tmut/Erth      0%         N/A       47%         2
 Wereblood                Tmut           0%         N/A       47%         2
 Swiftness                Air            2%         N/A       50%         3
 Dazzling Flash           Conj/Hex       2%         N/A       61%         3
 Hailstorm                Conj/Ice       1%         3d3       61%         3
 Stone Arrow              Conj/Erth      2%         3d7       61%         3
 Summon Forest            Summ/Tloc      4%         N/A       63%         5
 Confusing Touch          Hex            0%         N/A       73%         3
 Frozen Ramparts          Ice            0%         1d1       73%         3
 Inner Flame              Hex/Fire       0%         N/A       73%         3
 Tukima's Dance           Hex            0%         N/A       73%         3
 Vampiric Draining        Necr           0%         2d6       73%         3
 Olgreb's Toxic Radiance  Pois           3%         N/A       83%         4
 Airstrike                Air            1%         2d(1-17)  89%         4
 Brom's Barrelling Bould  Conj/Erth      1%         2d3       95%         4
 Flame Wave               Conj/Fire      1%         2d4       95%         4
 Fulminant Prism          Conj/Hex       0%         3d5       95%         4
 Sticky Flame             Conj/Fire      1%         2d3       95%         4
 Summon Lightning Spire   Summ/Air       1%         N/A       95%         4
 Anguish                  Hex/Necr       0%         N/A       98%         4
 Animate Armour           Summ/Erth      0%         N/A       98%         4
 Cause Fear               Hex            0%         N/A       98%         4
 Dispel Undead            Necr           0%         3d6       98%         4
 Petrify                  Tmut/Erth      0%         N/A       98%         4
 Arcjolt                  Conj/Air       1%         1d11      99%         5
 Iskenderun's Battlesphe  Conj           2%         2d6       99%         5
 Agony                    Necr           0%         N/A       100%        5
 Alistair's Intoxication  Tmut/Pois      0%         N/A       100%        5
 Borgnjor's Vile Clutch   Necr/Erth      0%         N/A       100%        5
 Fireball                 Conj/Fire      0%         3d3       100%        5
 Freezing Cloud           Conj/Ice/Air   0%         6-21      100%        5
 Irradiate                Conj/Tmut      0%         3d11      100%        5
 Lee's Rapid Deconstruct  Erth           0%         3d4*      100%        5
 Metabolic Englaciation   Hex/Ice        0%         N/A       100%        5
 Silence                  Hex/Air        0%         N/A       100%        5
 Summon Mana Viper        Hex/Summ       0%         N/A       100%        5
 Bombard                  Conj/Erth      0%         9d1       100%        6
 Conjure Ball Lightning   Conj/Air       1%         3x3d6     100%        6
 Eringya's Noxious Bog    Tmut/Pois      0%         4d6       100%        6
 Starburst                Conj/Fire      0%         6d3       100%        6
 Summon Cactus Giant      Summ           0%         N/A       100%        6
 Orb of Destruction       Conj           1%         9d5       100%        7
 Spellforged Servitor     Conj/Summ      0%         N/A       100%        7
 Summon Hydra             Summ           0%         N/A       100%        7
 Maxwell's Capacitive Co  Air            1%         ∞         100%        8
 Chain Lightning          Conj/Air       1%         3d1       100%        9
 Dragon's Call            Summ           0%         N/A       100%        9
 Fire Storm               Conj/Fire      0%         6d1       100%        9
 Sublimation of Blood     Necr           Unusable   N/A       N/A         2

Dungeon Overview and Level Annotations

Branches:
Dungeon (15/15)            Temple (1/1) D:7            Lair (5/5) D:9
 Shoals (4/4) Lair:2        Snake (4/4) Lair:2        Slime (5/5) Lair:5
    Orc (2/2) D:11            Elf (3/3) Orc:2        Vaults (5/5) D:14
  Crypt (3/3) Vaults:2       Tomb (0/3) Crypt:3      Depths (4/4) D:15
    Zot (5/5) Depths:4      Sewer (visited)           IceCv (visited)
Gauntlet (visited)

Altars:
Ashenzari
Cheibriados
Dithmenos
Elyvilon
Fedhas
Gozag
Hepliaklqana
Kikubaaqudgha
Makhleb
Nemelex Xobeh
Okawaru
Qazlal
Ru
Sif Muna
Trog
Uskayaw
Vehumet
Wu Jian
Xom
Yredelemnul
Zin
The Shining One
Jiyva

Shops:
D:1 **!([   D:6 ?   D:10 (   D:15 [*[*   Orc:2 (?(*   Elf:1 =   Elf:2 :
Shoals:3 :   Snake:2 ([=   Snake:3 *   Zot:5 *   Depths:3 [

Portals:
Hell: Depths:1 Depths:2 Depths:3 Depths:4
Abyss: D:9 Depths:1 Depths:3
Pandemonium: Depths:1 Depths:2 Depths:3
Ziggurat: Depths:1

Annotations:
D:9 2 transporters, 0gre's ghost, journeyman GnIE
Lair:1 2 transporters, Kurtz's ghost, journeyman OpFi
Lair:5 2 transporters, gribnar's ghost, journeyman OpSh
Snake:2 moontroll, talisman of death
Elf:2 2 runed translucent doors
Depths:4 1 transporter


Innate Abilities, Weirdness & Mutations

You are a lightning-filled tempest!
Your electrical attacks strike out in all directions at once.
You are incredibly evasive.
Your insubstantial body is immune to petrification, constriction, and being set on fire You are flying.
Your armour is entirely melded.
You are incapable of wielding weapons or throwing items.
You are immune to poison.
((You are very nimble when in or above water. (Stealth+, EV+, Speed+++)))
((Your lower body shifts to a powerful aquatic tail in water.))
You are clumsy. (Dex -2)
((Armour fits poorly on your strangely shaped body.))
You are dopey. (Int -2)
You are frail. (-10% HP)
Your magical capacity is low. (-10% MP)
Your spells are a little easier to cast, but a little less powerful.
You expend magic power (3 MP) to strengthen your wands.


Message History

You barely miss Vefry. Your punch misses Vefry.
Vefry is heavily wounded.
Vefry misses you.
You miss Vefry.
Vefry is heavily wounded.
Vefry hits you!!!
Damage: -17%(-39hp) hp: 83%(185hp)
You miss Vefry.
Vefry is heavily wounded.
Vefry completely misses you.
You buffet Vefry!
You punch Vefry, but do no damage.
Vefry is heavily wounded.
You barely miss Vefry.
Vefry is heavily wounded.
Vefry completely misses you.
You closely miss Vefry.
Vefry is heavily wounded.
Vefry hits you!!! Vefry drains your vigour!
You feel yourself slow down.
Huge Dmg: -18%(-39hp) hp: 66%(147hp) Blink to where?
Press: ? - help, Dir - move target
As you read the scroll of blinking, it crumbles to dust.
Vefry fires a harpoon shot at you. The harpoon shot misses you.
Vefry fires a harpoon shot at you. The harpoon shot misses you.
You fly upwards.
There is a stone staircase leading down here.
What level of the Dungeon? (default 1, ? - help)
You feel yourself speed up.
There is a stone staircase leading down here.
You see here 5 stones.
There is a stone staircase leading up here.
You fly upwards.
There is a stone staircase leading down here.
An Uroaz and a smoke demon come into view.
The smoke demon roars!
There is a staircase leading out of the dungeon here.
Uroaz completely misses you.
You have escaped!

#....######
#.##......######
##..#####.......# ##
###..#.###.#......# #.
#...###.#.###.....# #.
#..## ##.## ##....# #.
#.#.###.#.###.#...# ##.
#.##.#.#.#.#.##...# #..
#.###.#.v&#.###..## #.#
#.##.#.#.#.#.###.#######.#
#.#.###.#.###.#...........
#..## ##.## ##&##..####...
#..####.#.###..###.##...#.
##...#.###.#.### #.&3.###.
###..## ##..# ##.>## #.
#### ###..## ##..####.
#.....# ##....#...


You could see Uroaz.

Vanquished Creatures
  the Royal Jelly (Slime:5)
  5 ancient liches
  3 dread liches
  An orb of fire (Zot:5)
  The ghost of Pessaschasee the Conqueror, a legendary HOFi of the Shining One (Zot:3)
  Mara (Snake:3)
  Mennas (Vaults:3)
  The ghost of Nykiehar the Gnoll Aeon, a legendary GnIE of Cheibriados (Zot:3)
  The ghost of Kurtz the Octopoid Barricade, a legendary OpFi of Kikubaaqudgha (Zot:3)
  Vv (Crypt:1)
  Boris (Vaults:3)
  9 Killer Klowns
  4 curse toes
  Saint Roka (D:15)
  4 caustic shrikes
  Norris (Depths:2)
  6 golden dragons
  A bone dragon (Depths:4)
  A Tzitzimitl (Depths:1)
  A Brimstone Fiend (Depths:2)
  2 electric golems (Zot:5)
  Zenata (Elf:2)
  The ghost of Juicyj the Severer, an adept DsGl of Jiyva (Elf:3)
  29 tentacled monstrosities
  4 liches
  Jorgrun (Elf:1)
  Asterion (Elf:1)
  27 Orb Guardians
  Mlioglotl (Shoals:2)
  A Hell Sentinel (D:4)
  2 pandemonium lords
  11 titans
  8 deep elf blademasters
  8 deep elf master archers
  8 quicksilver dragons
  A walking divine tome (Depths:2)
  2 krakens (Shoals:4)
  A sphinx (shapeshifter) (Vaults:4)
  17 acid blobs
  7 sphinxes
  Gastronok (D:8)
  Agnes (D:14)
  9 death cobs
  7 tengu reavers
  16 storm dragons
  2 tentacled starspawn (Abyss:3)
  8 shadow dragons
  12 rockslimes
  Aizul (Elf:2)
  3 draconian knights (Zot:1)
  6 draconian monks
  A daeva (Depths:1)
  6 revenants
  13 azure jellies
  18 fire giants
  Kirke (Lair:3)
  5 nagarajas
  3 iron dragons (Vaults:5)
  A ghost moth (shapeshifter) (Vaults:5)
  24 frost giants
  5 draconian scorchers
  19 vault wardens
  10 deep elf sorcerers
  4 balrugs
  2 spectral juggernauts (Crypt:2)
  3 ghost moths
  2 caustic shrike zombies
  3 curse skulls
  4 draconian stormcallers (Depths:4)
  21 very ugly things
  8 draconian annihilators
  9 deep elf elementalists
  A juggernaut zombie (Crypt:1)
  An angel (Depths:1)
  3 ghouls
  A cacodemon (Abyss:3)
  3 orc warlords
  7 quicksilver oozes
  3 draconian shifters
  4 formless jellyfish
  A spriggan defender (Depths:2)
  2 reapers
  22 ironbound preservers
  12 ironbound thunderhulks
  A caustic shrike skeleton (Crypt:2)
  18 vampire knights
  5 war gargoyles
  6 deep elf demonologists
  11 green draconians
  A juggernaut skeleton (Crypt:2)
  22 stone giants
  7 black draconians
  4 dire elephants (Vaults:4)
  A lorocyproca (D:3)
  9 deep elf annihilators
  7 yellow draconians
  5 white draconians
  4 spark wasps (Depths:2)
  The ghost of bakla the Markself, a journeyman DEHu of Okawaru (Lair:4)
  6 red draconians
  13 purple draconians
  A minotaur (Gauntlet)
  10 deep elf death magi
  3 green deaths
  9 merfolk impalers
  5 crystal guardians
  8 eidola
  11 ettins
  An entropy weaver (Vaults:4)
  2 quicksilver dragon zombies
  5 merfolk javelineers
  9 fire dragons
  10 deep elf high priests
  40 vault guards
  20 great orbs of eyes
  4 rakshasas
  14 yaktaur captains
  13 jiangshi
  A spriggan zombie (Crypt:3)
  A fenstrider witch zombie (Crypt:3)
  2 salamander tyrants (Snake:4)
  7 hydras
  6 hell beasts
  3 peacekeepers
  3 catoblepae (Lair:5)
  A jorogumo (shapeshifter) (Vaults:5)
  7 ogre magi
  4 merfolk avatars
  An alligator (shapeshifter) (Depths:2)
  An ice dragon (shapeshifter) (Elf:1)
  13 ironbound frosthearts
  17 two-headed ogres
  4 merfolk aquamancers
  8 centaur warriors
  2 death knights
  Erica (D:10)
  4 boulder beetles
  9 anacondas
  7 spriggan air magi
  2 alligator snapping turtles
  12 ice dragons
  A spectral stone giant (Crypt:2)
  4 deep troll shamans
  6 deep troll earth magi
  8 death yaks
  3 satyrs
  6 tengu warriors
  Urug (D:13)
  12 naga warriors
  10 vampire magi
  A spectral naga (Crypt:2)
  7 spriggan berserkers
  19 dancing weapons
  2 demonic crawlers
  3 shock serpents
  23 deep elf knights
  2 orc high priests
  A titan skeleton (Depths:2)
  Sonja (D:13)
  29 hell knights
  16 naga sharpshooters
  8 sun demons
  A soul eater (Depths:1)
  A storm dragon zombie (Depths:1)
  A skyshark (shapeshifter) (Vaults:4)
  3 wretched stars (Abyss:3)
  2 spriggans (Depths:2)
  33 skeletal warriors
  8 skysharks
  6 shadow wraiths
  3 sixfirhies
  A salamander mystic (Snake:4)
  6 glowing orange brains
  9 sea snakes
  8 spatial maelstroms (Abyss:3)
  A storm dragon skeleton (Crypt:3)
  2 bunyip zombies
  A cherub (D:15)
  2 iron trolls
  A spriggan rider (Depths:2)
  A glowing orange brain (shapeshifter) (Elf:3)
  4 shadow demons
  46 deep trolls
  A goliath frog (Depths:1)
  8 naga ritualists
  A sea snake (shapeshifter) (Vaults:4)
  A bunyip skeleton (Crypt:2)
  A spriggan simulacrum (Crypt:2)
  An orb spider (shapeshifter) (Depths:1)
  2 bog bodies (Crypt:2)
  5 flayed ghosts
  9 wizards
  4 lindwurms
  An anaconda skeleton (Crypt:3)
  An anaconda zombie (Crypt:3)
  27 deep elf archers
  22 ironbound convokers
  5 orc knights
  25 phantasmal warriors
  28 harpies
  15 necromancers
  A wolf spider (shapeshifter) (Elf:3)
  A golden dragon skeleton (Depths:1)
  A shadow dragon zombie (Crypt:2)
  Pikel (D:9)
  33 deep elf pyromancers
  2 shining eyes
  33 deep elf zephyrmancers
  A mana viper (shapeshifter) (Vaults:3)
  A wolf spider (Depths:1)
  6 mana vipers
  23 ugly things
  An iron dragon zombie (Crypt:3)
  4 cyclopes
  16 fauns
  An orc sorcerer (Orc:2)
  A spectral centaur (Crypt:3)
  2 oklob plants
  12 manticores
  2 spectral alligator snapping turtles (Crypt:2)
  29 moths of wrath
  A frost giant zombie (Depths:2)
  2 ice statues (IceCv)
  7 salamanders
  3 iron dragon skeletons
  3 centaur zombies
  13 large abominations
  A faun (shapeshifter) (Abyss:3)
  8 elephants (Lair:3)
  27 black mambas
  A dire elephant zombie (Crypt:1)
  5 merfolk sirens
  A guardian serpent (shapeshifter) (Elf:3)
  A fire giant skeleton (Vaults:2)
  A stone giant skeleton (Vaults:3)
  23 naga magi
  A torpor snail (Lair:4)
  22 vault sentinels
  A water nymph (shapeshifter) (Elf:3)
  A guardian serpent (Snake:2)
  A rust devil (D:8)
  An eye of devastation (shapeshifter) (Elf:3)
  A black mamba (shapeshifter) (D:10)
  13 water nymphs
  5 smoke demons (Abyss:3)
  An unseen horror (shapeshifter) (Elf:3)
  7 cane toads
  2 naga skeletons (Crypt:2)
  3 unseen horrors
  4 eyes of devastation
  2 storm dragon simulacra (Depths:2)
  An orange demon (Depths:1)
  A yaktaur (shapeshifter) (Elf:3)
  A dire elephant skeleton (Crypt:1)
  10 rime drakes
  3 tengu conjurers
  An iron troll zombie (Crypt:2)
  Psyche (D:10)
  An alligator snapping turtle skeleton (Crypt:2)
  8 komodo dragons
  2 yellow draconian skeletons
  3 ancient zymes (Abyss:3)
  5 freezing wraiths (Crypt:2)
  21 yaktaurs
  3 harpy zombies
  A spectral two-headed ogre (Crypt:2)
  4 ice devils
  9 trolls
  A spriggan skeleton (Depths:1)
  7 guardian mummies
  A queen bee (Lair:4)
  2 hydra zombies (Crypt:3)
  27 merfolk
  A merfolk (shapeshifter) (Elf:2)
  A catoblepas skeleton (Crypt:1)
  3 meliai (Lair:4)
  3 hellwings
  5 hornets
  A meliai (shapeshifter) (Vaults:5)
  3 wind drakes (Shoals:4)
  A polar bear (Lair:2)
  29 blink frogs
  A tarantella (shapeshifter) (Elf:3)
  8 raiju (Abyss:3)
  A radroach zombie (Crypt:2)
  7 snapping turtles
  4 ettin zombies
  A fire giant simulacrum (Vaults:2)
  11 dream sheep
  Sigmund (D:3)
  134 slime creatures
  A spriggan (shapeshifter) (Vaults:2)
  2 shadows
  An ice dragon skeleton (Crypt:1)
  3 vampires
  11 wraiths
  3 ynoxinuls
  2 centaur simulacra (Gauntlet)
  3 flying skulls
  An air elemental (Elf:2)
  13 water elementals
  3 wyverns
  7 humans
  An elf zombie (Vaults:3)
  A hog (shapeshifter) (Elf:3)
  4 hogs (Lair:3)
  A black mamba skeleton (Crypt:2)
  41 yaks
  8 golden eyes
  A chaos spawn (Depths:1)
  10 basilisks
  2 wind drake zombies
  2 neqoxecs
  2 catoblepas simulacra (Lair:4)
  16 vampire mosquitoes
  A human simulacrum (Vaults:3)
  2 steam dragons
  6 wargs
  An elf simulacrum (Vaults:3)
  6 spatial vortices (Abyss:3)
  32 nagas
  A hell hound (Gauntlet)
  3 acid dragons
  3 glowing shapeshifter zombies
  15 water moccasins
  2 floating eyes
  A snapping turtle zombie (Crypt:1)
  28 orc warriors
  3 ice beasts
  A meliai simulacrum (Gauntlet)
  An ogre skeleton (Vaults:2)
  A black bear (shapeshifter) (D:15)
  3 black mamba simulacra (Lair:4)
  A sky beast (D:7)
  30 ogres
  4 wolves (Lair:1)
  5 centaurs
  A blink frog skeleton (Crypt:1)
  A dream sheep skeleton (Crypt:1)
  2 lemures (D:9)
  3 slime creature simulacra (IceCv)
  A phantom (Depths:1)
  A fire crab zombie (Crypt:1)
  5 kobold brigands (Sewer)
  16 bullfrogs
  2 gnoll sergeants (D:8)
  6 small abominations
  A necrophage (Crypt:1)
  5 earth elementals
  2 cane toad simulacra (Lair:4)
  4 scorpions
  4 glowing shapeshifter simulacra (IceCv)
  20 wights
  A water moccasin skeleton (Crypt:3)
  An elephant simulacrum (Lair:4)
  25 killer bees
  10 electric eels
  5 howler monkeys
  A crimson imp (D:3)
  3 lava snakes (Lair:2)
  A komodo dragon simulacrum (Lair:4)
  16 orc priests
  4 hounds
  3 iron imps (Abyss:3)
  A jelly (D:6)
  2 gnoll boudas
  Ijyb (D:3)
  A hell rat (Depths:1)
  4 iguanas
  21 orc wizards
  A polar bear simulacrum (Lair:4)
  2 shapeshifter simulacra (IceCv)
  A wolf simulacrum (Lair:4)
  An acid dragon skeleton (Crypt:3)
  A mummy (Crypt:3)
  23 gnolls
  11 adders
  A swamp drake skeleton (Crypt:2)
  7 white imps
  2 shadow imps (D:5)
  2 ufetubi
  An adder skeleton (Crypt:3)
  7 worms
  2 dart slugs
  99 orcs
  12 ball pythons
  A bat skeleton (Crypt:1)
  6 endoplasms
  5 giant cockroaches
  6 goblins
  5 hobgoblins
  13 jackals
  9 kobolds
  A quokka (D:2)
  7 bats
  2 frilled lizards (D:3)
  10 rats
  A starspawn tentacle (Abyss:3)
  9 tentacles (Shoals:4)
2700 creatures vanquished.

Vanquished Creatures (collateral kills)
  An orb of fire (Zot:5)
1 creature vanquished.

Vanquished Creatures (others)
  3 fire giants
  A stone giant (Depths:3)
  A deep elf annihilator (Elf:3)
  3 deep elf knights
  A glowing orange brain (Depths:2)
  A deep elf archer (Elf:3)
  2 deep elf zephyrmancers
  A manticore (Shoals:4)
  A rime drake (Lair:4)
  A slime creature (Slime:2)
  A ynoxinul (Abyss:3)
  A jelly (shapeshifter) (Elf:3)
  An orc wizard (Orc:2)
  An orc (Depths:1)
  2 lurking horrors (Abyss:3)
  2 starspawn tentacles (Abyss:3)
  20 tentacles (Shoals:4)
43 creatures vanquished.

Grand Total: 2744 creatures vanquished

Notes
Turn   | Place    | Note
-------+----------+-------------------------------------------
     0 | D:1      | RepHenryClay the Merfolk Shapeshifter began the quest for
                  | the Orb.
     0 | D:1      | Reached XP level 1. HP: 15/15 MP: 1/1
    20 | D:1      | Found Musmiffa's General Store.
    76 | D:1      | Found Adwigol's Weapon Shoppe.
    89 | D:1      | Reached XP level 2. HP: 20/21 MP: 2/2
   267 | D:1      | Found Umuplana's General Store.
   317 | D:1      | Found Xethrug's Distillery.
   344 | D:1      | Found Qamix's Armour Emporium.
   487 | D:2      | Reached XP level 3. HP: 26/26 MP: 3/3
   495 | D:1      | Bought a scroll of identify for 24 gold pieces
   992 | D:2      | Reached XP level 4. HP: 32/32 MP: 4/4
   996 | D:2      | Learned a level 3 spell: Mephitic Cloud
  1280 | D:3      | Noticed Ijyb
  1293 | D:3      | Killed Ijyb
  1294 | D:3      | Reached skill level 5 in Shapeshifting
  1537 | D:3      | Found a glowing golden altar of the Shining One.
  1592 | D:3      | Reached XP level 5. HP: 36/37 MP: 5/5
  1719 | D:3      | Noticed Sigmund
  1727 | D:3      | Killed Sigmund
  1728 | D:3      | Reached skill level 5 in Dodging
  1728 | D:3      | Reached skill level 5 in Unarmed Combat
  1728 | D:3      | Reached XP level 6. HP: 43/43 MP: 6/6
  2170 | D:4      | Reached XP level 7. HP: 42/48 MP: 7/7
  2199 | D:4      | Found a glowing drain.
  2207 | Sewer    | Entered a sewer
  2918 | D:4      | Reached XP level 8. HP: 50/54 MP: 8/8
  3184 | D:5      | Entered Level 5 of the Dungeon
  3285 | D:5      | Found a burning altar of Makhleb.
  3589 | D:5      | Noticed a wyvern
  3598 | D:5      | Killed a wyvern
  4207 | D:6      | Found Qugriu's Magic Scroll Emporium.
  4286 | D:6      | Reached XP level 9. HP: 59/64 MP: 9/9
  4590 | D:1      | Bought a scroll of teleportation for 39 gold pieces
  4704 | D:6      | Bought a scroll of enchant armour for 90 gold pieces
  4704 | D:6      | Bought a scroll of identify for 24 gold pieces
  5282 | D:7      | Found a staircase to the Ecumenical Temple.
  5547 | D:7      | Reached skill level 10 in Dodging
  5978 | D:7      | Reached skill level 5 in Fighting
  6032 | D:7      | Found a broken altar of Ashenzari.
  6032 | D:7      | Found a stormy altar of Qazlal.
  6032 | D:7      | Found a sparkling altar of Nemelex Xobeh.
  6060 | D:7      | Found a glowing silver altar of Zin.
  6511 | D:8      | Noticed Gastronok
  6546 | D:8      | Killed Gastronok
  6547 | D:8      | Reached skill level 10 in Shapeshifting
  6547 | D:8      | Reached XP level 10. HP: 44/75 MP: 10/10
  7256 | D:8      | Reached skill level 10 in Unarmed Combat
  7580 | D:9      | Noticed a smoke demon
  7638 | D:9      | Noticed a toenail golem
  7674 | D:9      | Found a transporter.
  7744 | D:9      | Noticed a two-headed ogre
  7770 | D:9      | Killed a two-headed ogre
  7771 | D:9      | Reached XP level 11. HP: 49/83 MP: 11/11
  7956 | D:9      | Noticed Pikel
  7973 | D:9      | Killed Pikel
  8064 | D:9      | Found a staircase to the Lair.
  8284 | D:9      | Noticed a thrashing horror
  8368 | D:9      | Found a one-way gate to the infinite horrors of the Abyss.
  8368 | D:9      | Noticed 0gre's ghost (journeyman GnIE)
  8419 | D:9      | Found a transporter.
  8689 | D:9      | Noticed a worldbinder
  8805 | D:9      | Found a staircase to the Lair.
  8836 | D:9      | Noticed a salamander
  8861 | D:9      | Found a transporter.
  8865 | D:9      | Found a one-way gate to the infinite horrors of the Abyss.
  8916 | D:9      | Found a transporter.
  9321 | D:10     | Entered Level 10 of the Dungeon
  9814 | D:10     | Noticed a boulder beetle
  9855 | D:10     | Killed a boulder beetle
 10091 | D:10     | Found Egicry's Weapon Shoppe.
 10303 | D:10     | Noticed Psyche
 10313 | D:10     | Killed Psyche
 10504 | D:10     | Noticed Erica
 10512 | D:10     | Killed Erica
 10686 | D:11     | Noticed a boulder beetle
 10702 | D:10     | Killed a boulder beetle
 10798 | D:11     | Noticed a two-headed ogre
 10811 | D:10     | Killed a two-headed ogre
 11424 | D:11     | Found a staircase to the Orcish Mines.
 11508 | D:11     | Reached XP level 12. HP: 93/93 MP: 12/12
 11738 | Lair:1   | Entered Level 1 of the Lair of Beasts
 11800 | Lair:1   | Found a transporter.
 11803 | Lair:1   | Noticed Kurtz's ghost (journeyman OpFi)
 11822 | Lair:1   | Found a gate leading to a gauntlet.
 11826 | Gauntlet | Entered a Gauntlet
 11826 | Gauntlet | Found a transporter.
 11826 | Gauntlet | Found a transporter.
 11826 | Gauntlet | Found a transporter.
 11910 | Gauntlet | Found a transporter.
 11910 | Gauntlet | Found a transporter.
 11912 | Gauntlet | Found a transporter.
 11924 | Gauntlet | Found a transporter.
 11925 | Gauntlet | Found a transporter.
 11932 | Gauntlet | Noticed a hell beast
 11934 | Gauntlet | Found a transporter.
 12036 | Gauntlet | Found a transporter.
 12040 | Gauntlet | Found a transporter.
 12050 | Gauntlet | Found a transporter.
 12336 | Gauntlet | Killed a hell beast
 12337 | Gauntlet | Reached skill level 15 in Dodging
 12576 | Gauntlet | Noticed a minotaur
 12602 | Gauntlet | Killed a minotaur
 12864 | Lair:1   | Found a transporter.
 13263 | Lair:1   | Got an unusual book
 14074 | Lair:2   | Found a staircase to the Snake Pit.
 14360 | Lair:2   | Noticed a seven-headed hydra
 14368 | Lair:2   | Killed a seven-headed hydra
 14369 | Lair:2   | Reached XP level 13. HP: 102/102 MP: 13/13
 14544 | Temple   | Entered the Ecumenical Temple
 14587 | Temple   | Became a worshipper of Warmaster Okawaru
 14766 | Lair:2   | Reached skill level 1 in Invocations
 14860 | Lair:2   | You fall into a shaft and drop 1 floor!
 15377 | Lair:3   | Reached skill level 5 in Invocations
 15381 | Lair:3   | Reached * piety under Okawaru
 15749 | Lair:3   | Reached ** piety under Okawaru
 15850 | Lair:3   | Noticed Kirke
 15873 | Lair:3   | Killed Kirke
 16009 | Lair:3   | Reached *** piety under Okawaru
 16259 | Lair:3   | Reached skill level 10 in Invocations
 17074 | Lair:4   | Found a frozen archway.
 17096 | Lair:4   | Got a mumbling book
 17098 | Lair:4   | Found a runed translucent gate.
 17098 | Lair:4   | Found a runed translucent gate.
 17099 | Lair:4   | Found a runed translucent gate.
 17103 | IceCv    | Entered an ice cave
 17206 | IceCv    | Noticed a quicksilver ooze
 17216 | IceCv    | Killed a quicksilver ooze
 17227 | IceCv    | Reached **** piety under Okawaru
 17228 | IceCv    | Reached skill level 10 in Fighting
 17384 | IceCv    | Noticed a quicksilver ooze
 17402 | IceCv    | Killed a quicksilver ooze
 17571 | IceCv    | Reached XP level 14. HP: 78/110 MP: 21/21
 18230 | IceCv    | Reached skill level 15 in Unarmed Combat
 18288 | IceCv    | Noticed an azure jelly
 18302 | IceCv    | Killed an azure jelly
 18305 | IceCv    | Found a viscous altar of Jiyva.
 18387 | IceCv    | Identified the amulet of Ufuar {Reflect -Tele rN+ rCorr
                  | Str+4 SH+5}
 18530 | Lair:4   | Reached ***** piety under Okawaru
 18673 | Lair:4   | Noticed bakla's ghost (journeyman DEHu)
 20105 | Lair:4   | Killed bakla's ghost
 20134 | Lair:4   | Received a gift from Okawaru
 20184 | Lair:4   | Got the ring of the Final Chapter {Fire Fly Str+2}
 20276 | Lair:5   | Entered Level 5 of the Lair of Beasts
 20726 | Lair:5   | Found a transporter.
 20726 | Lair:5   | Found a transporter.
 20741 | Lair:5   | Found a bloodstained altar of Trog.
 20816 | Lair:5   | Noticed gribnar's ghost (journeyman OpSh)
 21282 | Lair:5   | Found a viscous altar of Jiyva.
 21296 | Lair:5   | Found a staircase to the Slime Pits.
 21611 | Lair:5   | Received a gift from Okawaru
 21927 | Lair:5   | Reached XP level 15. HP: 119/119 MP: 22/22
 22623 | Orc:1    | Entered Level 1 of the Orcish Mines
 22623 | Orc:1    | Noticed an orc warlord
 22722 | Orc:1    | Killed an orc warlord
 22722 | Orc:1    | Received a gift from Okawaru
 22723 | Orc:1    | Reached skill level 1 in Conjurations
 22723 | Orc:1    | Reached skill level 1 in Air Magic
 22723 | Orc:1    | Reached skill level 1 in Poison Magic
 23075 | Orc:2    | Entered Level 2 of the Orcish Mines
 24300 | Orc:2    | Paralysed by an ogre mage for 3 turns
 24363 | Orc:2    | Paralysed by an ogre mage for 2 turns
 24414 | Orc:2    | Reached ****** piety under Okawaru
 24428 | Orc:1    | Acquired the +2 pair of boots of Jigsaw {Int+5}
 24428 | Orc:1    | Received a gift from Okawaru
 24449 | Orc:2    | Found Voimulif's General Store.
 24449 | Orc:2    | Found Ocogg's Magic Scroll Shop.
 24450 | Orc:2    | Found Iruala's Weapon Shop.
 24450 | Orc:2    | Found Ellur's Weapon Emporium.
 24460 | Orc:2    | Bought a scroll of identify for 32 gold pieces
 24460 | Orc:2    | Bought a scroll of acquirement for 832 gold pieces
 24460 | Orc:2    | Bought a scroll of identify for 32 gold pieces
 24460 | Orc:2    | Bought a scroll of identify for 32 gold pieces
 24460 | Orc:2    | Bought a scroll of identify for 32 gold pieces
 24461 | Orc:2    | Bought a scroll of blinking for 112 gold pieces
 24465 | Orc:2    | Acquired a manual of Shapeshifting
 24834 | Orc:2    | Found a staircase to the Elven Halls.
 25184 | Orc:2    | Received a gift from Okawaru
 26132 | D:13     | Found a portal to a secret trove of treasure.
 26500 | D:13     | Noticed Urug
 26510 | D:13     | Killed Urug
 26510 | D:13     | Received a gift from Okawaru
 26521 | D:13     | Reached XP level 16. HP: 54/130 MP: 20/23
 27259 | D:1      | Bought the +11 war axe "Orb Guardian's Regret" {vamp, *Rage
                  | rPois rF- rN+++ Dex+5} for 1189 gold pieces
 27550 | D:13     | You paid a toll of war axe "Orb Guardian's Regret" to enter
                  | a treasure trove
 27551 | Trove    | Entered a treasure trove
 27588 | Trove    | Identified the ring of Zidudghu {rElec Will+ Str-5 Dex+2}
 28144 | D:14     | Noticed Agnes
 28150 | D:14     | Found an opulent altar of Gozag.
 28155 | D:14     | Killed Agnes
 28289 | D:14     | Received a gift from Okawaru
 28298 | D:14     | Upgraded the game from 0.31-a0-845-g9abc20d24f to
                  | 0.31-a0-846-gb3bcc0d938
 29017 | D:14     | Found a gate to the Vaults.
 29116 | D:15     | Entered Level 15 of the Dungeon
 29129 | D:15     | Found Hereryti's Assorted Antiques.
 29163 | D:15     | Found Foadd's Armour Shoppe.
 29670 | D:15     | Found Sujas's Armour Shoppe.
 29833 | D:15     | Found Wyrgh's Assorted Antiques.
 29835 | D:15     | Bought a scroll labelled UNETIBI KAOKI for 29 gold pieces
 29938 | D:15     | Found an iron altar of Okawaru.
 30321 | D:15     | Found a staircase to the Depths.
 30340 | D:15     | Received a gift from Okawaru
 30612 | Snake:1  | Entered Level 1 of the Snake Pit
 30865 | Snake:1  | Found a transporter.
 31005 | Snake:1  | Found a transporter.
 31070 | Snake:1  | Noticed a nagaraja
 31327 | Snake:1  | Killed a nagaraja
 32071 | Snake:1  | Noticed a nagaraja
 32080 | Snake:1  | Killed a nagaraja
 32097 | Snake:1  | Gained mutation: You are dopey. (Int -2) [mutagenic glow]
 32108 | Snake:1  | Gained mutation: Armour fits poorly on your strangely
                  | shaped body. [mutagenic glow]
 32310 | Snake:1  | Identified the amulet "Zuiceikh" {Regen+ rCorr Int+5 Slay-5
                  | Stlth+}
 32320 | Snake:1  | Identified the ring "Fehoo" {Wiz Will- rCorr Str+10 Slay-5}
 32538 | Snake:2  | Found Tosovot's Antique Armour Shoppe.
 32578 | Snake:2  | Found Xeub's Jewellery Shoppe.
 32859 | Snake:2  | Reached XP level 17. HP: 87/140 MP: 24/24
 32946 | Snake:2  | Received a gift from Okawaru
 33612 | Snake:2  | Found Hephes's Weapon Shop.
 34212 | Snake:2  | Reached skill level 15 in Fighting
 34577 | Snake:2  | Found Tosovot's Antique Armour Shoppe.
 35092 | Snake:2  | Found Xeub's Jewellery Shoppe.
 35545 | Snake:3  | Noticed Mara
 35555 | Snake:3  | Noticed RepHenryClay's illusion
 35561 | Snake:3  | Killed Mara
 35793 | Snake:3  | Found Kol Hurgh's Assorted Antiques.
 35803 | Snake:3  | Bought a dented jade amulet for 145 gold pieces
 35803 | Snake:3  | Bought a vibrating golden ring for 145 gold pieces
 35803 | Snake:3  | Identified the ring of the Hippo {rPois rCorr Str-4 Slay+6}
                  | (You bought it in a shop on level 3 of the Snake Pit)
 36329 | Snake:4  | Entered Level 4 of the Snake Pit
 36342 | Snake:4  | Received a gift from Okawaru
 38056 | Snake:4  | Received a gift from Okawaru
 38383 | Snake:4  | Got a serpentine rune of Zot
 38794 | Shoals:1 | Entered Level 1 of the Shoals
 38928 | Shoals:1 | Found a snail-covered altar of Cheibriados.
 38942 | Shoals:1 | Reached XP level 18. HP: 151/151 MP: 25/25
 40102 | Lair:2   | Received a gift from Okawaru
 40747 | Shoals:2 | Noticed Mlioglotl
 40772 | Shoals:2 | Killed Mlioglotl
 42126 | Shoals:2 | Received a gift from Okawaru
 43383 | Shoals:3 | Found Muciu's Book Emporium.
 44320 | Shoals:3 | Acquired 388 gold pieces
 45246 | Vaults:1 | Entered Level 1 of the Vaults
 45786 | Vaults:2 | Received a gift from Okawaru
 47533 | Vaults:1 | Received a gift from Okawaru
 47555 | Vaults:1 | Reached XP level 19. HP: 119/159 MP: 26/26
 48042 | Elf:1    | Entered Level 1 of the Elven Halls
 48255 | Elf:1    | Found Deah's Jewellery Boutique.
 48355 | Elf:1    | Reached skill level 1 in Stealth
 48373 | Elf:1    | Noticed Jorgrun
 49411 | Elf:1    | Killed Jorgrun
 49412 | Elf:1    | Reached skill level 5 in Stealth
 49628 | Elf:1    | Noticed Asterion
 49643 | Elf:1    | Killed Asterion
 50482 | Vaults:2 | Received a gift from Okawaru
 50549 | Vaults:2 | Reached skill level 15 in Shapeshifting
 51133 | Vaults:2 | Found a staircase to the Crypt.
 51133 | Vaults:2 | Found a basalt altar of Yredelemnul.
 51134 | Vaults:2 | Found an ancient bone altar of Kikubaaqudgha.
 51208 | Vaults:2 | Reached skill level 10 in Stealth
 51447 | Vaults:2 | Received a gift from Okawaru
 52231 | Vaults:2 | Reached skill level 1 in Shields
 53288 | Vaults:2 | Reached skill level 5 in Shields
 53531 | Vaults:3 | Reached XP level 20. HP: 142/166 MP: 27/27
 53840 | Vaults:2 | Received a gift from Okawaru
 54254 | Vaults:3 | Noticed Boris
 54569 | Vaults:3 | Killed Boris
 54955 | Elf:1    | Bought a granite talisman for 1360 gold pieces
 55827 | Shoals:4 | Entered Level 4 of the Shoals
 56377 | Shoals:4 | Received a gift from Okawaru
 56608 | Shoals:4 | Identified the +1 leather armour "Muesikhl Edaw" {Slay+2}
 56887 | Shoals:4 | Got a barnacled rune of Zot
 56930 | Shoals:4 | Reached skill level 15 in Stealth
 58096 | Vaults:3 | Received a gift from Okawaru
 58562 | Vaults:3 | Reached XP level 21. HP: 175/175 MP: 28/28
 58565 | Vaults:3 | Received a gift from Okawaru
 58681 | Vaults:3 | Noticed Mennas
 58706 | Vaults:3 | Killed Mennas
 59514 | Vaults:4 | Received a gift from Okawaru
 60144 | Vaults:4 | Identified the ring "Esiu" {+Blink MP+9 Int+2 Dex+3}
 60151 | Vaults:4 | Learned a level 2 spell: Blink
 60178 | Vaults:4 | Reached skill level 1 in Translocations
 60408 | Vaults:4 | Received a gift from Okawaru
 60585 | Vaults:4 | Reached skill level 5 in Translocations
 60725 | Vaults:4 | Received a gift from Okawaru
 61176 | Depths:1 | Entered Level 1 of the Depths
 61177 | Depths:1 | Upgraded the game from 0.31-a0-846-gb3bcc0d938 to
                  | 0.31-a0-848-gaac375c287
 61184 | Depths:1 | Found a one-way gateway to a ziggurat.
 61224 | Depths:1 | Noticed Saint Roka
 61397 | D:15     | Killed Saint Roka
 61629 | Depths:1 | Received a gift from Okawaru
 61631 | Depths:1 | Reached XP level 22. HP: 192/192 MP: 29/29
 61693 | Depths:1 | You fall into a shaft and drop 1 floor!
 61697 | Depths:2 | Noticed Norris
 61716 | Depths:2 | Killed Norris
 61783 | Depths:1 | Found a one-way gate leading to the halls of Pandemonium.
 62093 | Depths:1 | Reached skill level 1 in Evocations
 62275 | Depths:1 | Found a runed translucent gate.
 62276 | Depths:1 | Found a runed translucent gate.
 62277 | Depths:1 | Found a runed translucent gate.
 62686 | Depths:2 | Received a gift from Okawaru
 62938 | Depths:2 | Paralysed by a floating eye for 3 turns
 63405 | Depths:2 | Reached skill level 5 in Evocations
 63838 | Depths:1 | Learned a level 2 spell: Lesser Beckoning
 63887 | Depths:2 | Received a gift from Okawaru
 64166 | Depths:2 | Identified the +5 scimitar of Qoar Zocso {freeze, Stlth+}
 64406 | Depths:2 | Identified the +1 leather armour of Atoa {rCorr Int+5}
 64515 | Depths:2 | Found a gateway to Hell.
 64736 | Depths:2 | Received a gift from Okawaru
 64761 | Depths:2 | Reached XP level 23. HP: 203/203 MP: 30/30
 65024 | Depths:3 | Paralysed by a floating eye for 4 turns
 65128 | Depths:3 | Found Plog's Armour Boutique.
 65134 | Depths:3 | Bought a scarf of resistance for 544 gold pieces
 65308 | Depths:3 | Found a shimmering altar of Xom.
 65311 | Depths:3 | Found a shimmering altar of Xom.
 65311 | Depths:3 | Found a shimmering altar of Xom.
 65311 | Depths:3 | Found a shimmering altar of Xom.
 65322 | Depths:3 | Found a shimmering altar of Xom.
 65322 | Depths:3 | Found a shimmering altar of Xom.
 65562 | Depths:4 | Entered Level 4 of the Depths
 65594 | Depths:4 | Found a transporter.
 65993 | Depths:4 | Noticed a caustic shrike
 65994 | Depths:4 | Noticed a caustic shrike
 65995 | Depths:4 | Noticed a caustic shrike
 66002 | Depths:3 | Killed a caustic shrike
 66026 | Depths:4 | Noticed a caustic shrike
 66071 | Depths:4 | Noticed a golden dragon
 66084 | Depths:3 | Killed a golden dragon
 66084 | Depths:3 | Received a gift from Okawaru
 66085 | Depths:3 | Reached skill level 10 in Evocations
 66293 | Depths:4 | Killed a caustic shrike
 66299 | Depths:4 | Killed a caustic shrike
 66303 | Depths:4 | Killed a caustic shrike
 66737 | Depths:4 | Got a grimy book
 66819 | Depths:4 | Found a gate to the Realm of Zot.
 67373 | D:13     | Noticed Sonja
 67376 | D:13     | Killed Sonja
 67377 | D:13     | Reached skill level 10 in Translocations
 67696 | Elf:2    | Found Defik's Tremendous Tomes.
 67792 | Elf:2    | Received a gift from Okawaru
 67979 | Elf:2    | Found a runed translucent door.
 68008 | Elf:2    | Found a runed translucent door.
 68343 | Elf:3    | Entered Level 3 of the Elven Halls
 68344 | Elf:3    | Noticed Zenata
 68365 | Elf:2    | Killed Zenata
 68428 | Elf:3    | Noticed Aizul
 68451 | Elf:2    | Killed Aizul
 68600 | Elf:3    | Received a gift from Okawaru
 68817 | Elf:2    | Reached XP level 24. HP: 208/208 MP: 30/30
 69143 | Elf:3    | Found a transporter.
 69146 | Elf:3    | Noticed Juicyj's ghost (adept DsGl)
 69160 | Elf:3    | Found a transporter.
 69399 | Elf:3    | Identified the +2 halberd of Lom Fepp {heavy, Stlth+}
 70400 | Elf:3    | Received a gift from Okawaru
 70483 | Elf:3    | Identified the +8 dagger of Corporal Punishment {heavy,
                  | rC++}
 70601 | Elf:3    | Identified the +4 spear "Uhifrah" {freeze, rC+ Stlth+}
 70620 | Elf:3    | Identified the staff of Upheaval {rN+ Will+ Necro}
 71209 | Crypt:1  | Entered Level 1 of the Crypt
 71875 | Slime:1  | Entered Level 1 of the Pits of Slime
 72267 | Slime:2  | Received a gift from Okawaru
 73570 | Slime:5  | Entered Level 5 of the Pits of Slime
 73730 | Slime:5  | Gained mutation: Your spells are a little easier to cast,
                  | but a little less powerful. [a shining eye]
 73731 | Slime:5  | Gained mutation: You expend magic power (3 MP) to
                  | strengthen your wands. [a shining eye]
 73758 | Slime:5  | Found a viscous altar of Jiyva.
 73764 | Slime:5  | Noticed the Royal Jelly
 73788 | Slime:5  | Killed the Royal Jelly
 73841 | Slime:5  | Received a gift from Okawaru
 73928 | Slime:5  | Identified the ring "Gotiwkip" {rElec rC- rN+ Will+++ SInv}
 73957 | Slime:5  | Identified the +3 chain mail of Patterns {rN+}
 74524 | Slime:5  | Identified the +2 quarterstaff "Xirch" {antimagic, rElec
                  | Will+}
 74536 | Slime:5  | Got a slimy rune of Zot
 74641 | Slime:5  | Reached XP level 25. HP: 225/225 MP: 30/30
 75624 | Vaults:5 | Entered Level 5 of the Vaults
 75696 | Vaults:5 | Got a silver rune of Zot
 75855 | Vaults:5 | Received a gift from Okawaru
 75946 | Vaults:5 | Identified the +0 robe of Noughts and Crosses {rElec rF-
                  | Archmagi}
 76122 | Vaults:5 | Identified the +7 broad axe "Otioriz" {antimagic, Fly Str-3
                  | Dex+3 Stlth+}
 76150 | Vaults:5 | Received a gift from Okawaru
 76415 | Vaults:5 | Noticed a dread lich
 76429 | Vaults:4 | Killed a dread lich
 76433 | Vaults:5 | Identified the +1 long sword of the Writhing Enemy {flame,
                  | rPois Int+2 Stlth+}
 76465 | Vaults:4 | Received a gift from Okawaru
 76834 | Vaults:5 | Identified the amulet of Cuegezily {Acrobat Harm Int-2
                  | Stlth+}
 77249 | Vaults:5 | Identified the +3 hand axe of Bupnugih {heavy, rC+ Dex+4}
 77312 | Vaults:5 | Identified the +3 ring mail of Zul Zele {Regen+}
 77898 | Elf:3    | Killed Juicyj's ghost
 77918 | Elf:3    | Identified the +0 hat of the Slimy God {rC+ Regen+ Str-3
                  | Dex+5}
 77941 | Elf:3    | Identified the ring "Yrureir" {rElec rF+ rCorr}
 78774 | Snake:2  | Bought the +5 moon troll leather armour {Spirit, Regen++
                  | MP+5} for 1309 gold pieces
 78774 | Snake:2  | Found the +5 moon troll leather armour {Spirit, Regen++
                  | MP+5}
 79361 | D:3      | Fell from the grace of Okawaru
 79361 | D:3      | Became a worshipper of the Shining One
 79714 | Crypt:1  | Noticed Vv
 79753 | Crypt:1  | Reached XP level 26. HP: 67/236 MP: 30/30
 80124 | Crypt:1  | Reached * piety under the Shining One
 80154 | Crypt:1  | Killed Vv
 82311 | Crypt:2  | Reached ** piety under the Shining One
 82353 | Crypt:2  | Reached *** piety under the Shining One
 82488 | Crypt:2  | Reached **** piety under the Shining One
 82637 | Crypt:2  | Reached ***** piety under the Shining One
 83061 | Crypt:2  | Identified the staff "Sumeat" {Drain rPois rN+++ Dex+5
                  | Poison}
 83117 | Crypt:2  | Identified the +1 trident of Xietykhaly {drain, Fragile rF+
                  | rC++ Dex+2}
 83164 | Crypt:2  | Found a basalt altar of Yredelemnul.
 83377 | Crypt:3  | Entered Level 3 of the Crypt
 83377 | Crypt:3  | Reached ****** piety under the Shining One
 83726 | Crypt:3  | Found a staircase to the Tomb.
 83777 | Crypt:3  | Identified the staff "Vaytebia" {rC+ rCorr Str+7 Dex-5 Fire
                  | Ice}
 83826 | Crypt:3  | Noticed an ancient lich
 83838 | Crypt:3  | Killed an ancient lich
 83911 | Crypt:3  | Reached skill level 27 in Dodging
 84594 | Crypt:3  | Found an ancient bone altar of Kikubaaqudgha.
 84713 | Crypt:3  | Identified the +7 broad axe "Ogycuc" {distort, rC+ Dex+2}
 84853 | Crypt:3  | Was forgiven by Okawaru
 85184 | Crypt:3  | Reached XP level 27. HP: 247/247 MP: 30/30
 85218 | Crypt:3  | Reached skill level 27 in Fighting
 85834 | Depths:1 | Voluntarily entered the Abyss.
 85849 | Abyss:1  | Found a corrupted altar of Lugonu.
 85859 | Abyss:1  | Found a corrupted altar of Lugonu.
 85876 | Abyss:3  | Found a corrupted altar of Lugonu.
 86163 | Abyss:3  | Found a corrupted altar of Lugonu.
 86225 | Abyss:3  | Found a corrupted altar of Lugonu.
 86427 | Abyss:3  | Got an abyssal rune of Zot
 86441 | Depths:1 | Escaped the Abyss
 86504 | Zot:1    | Entered Level 1 of the Realm of Zot
 86504 | Zot:1    | Noticed an ancient lich
 86522 | Depths:4 | Killed an ancient lich
 87057 | Zot:1    | Identified the +4 morningstar "Ubeka" {heavy, +Blink Str+4}
 87597 | Elf:1    | Bought the ring of Muskin {Fly Will+ SInv} for 504 gold
                  | pieces
 88449 | Zot:2    | Identified the +6 ring mail "Boanorr" {Str+4}
 89327 | Elf:1    | Bought a blade talisman for 680 gold pieces
 89892 | Zot:3    | Found a runed translucent gate.
 89892 | Zot:3    | Found a runed translucent gate.
 89892 | Zot:3    | Found a runed translucent gate.
 89892 | Zot:3    | Noticed Kurtz's ghost (legendary OpFi)
 89895 | Zot:3    | Noticed Nykiehar's ghost (legendary GnIE)
 89969 | Zot:3    | Noticed Pessaschasee's ghost (legendary HOFi)
 90000 | Zot:3    | Reached skill level 27 in Unarmed Combat
 90511 | Zot:3    | Killed Pessaschasee's ghost
 90516 | Zot:3    | Killed Kurtz's ghost
 90536 | Zot:3    | Killed Nykiehar's ghost
 91303 | Zot:4    | Acquired the amulet "Keyg" {Spirit rC+ rN+}
 91648 | Zot:5    | Entered Level 5 of the Realm of Zot
 91955 | Zot:5    | Found Boseompe's CLEARANCE SALE!.
 91962 | Zot:5    | Bought a scroll of fear for 20 gold pieces
 91962 | Zot:5    | Bought a scroll of teleportation for 15 gold pieces
 92171 | Zot:5    | Gained mutation: You are frail. (-10% HP) [mutagenic glow]
 92186 | Zot:5    | Gained mutation: Your magical capacity is low. (-10% MP)
                  | [mutagenic glow]
 92311 | Zot:5    | Noticed an ancient lich
 92332 | Zot:5    | Noticed a dread lich
 92343 | Zot:5    | Killed a dread lich
 92398 | Zot:5    | Reached skill level 27 in Shapeshifting
 92404 | Zot:5    | Noticed an orb of fire
 92407 | Zot:5    | Gained mutation: You are clumsy. (Dex -2) [an orb of fire]
 92421 | Zot:5    | Killed an orb of fire
 92679 | Zot:5    | Noticed an ancient lich
 92688 | Zot:5    | Killed an ancient lich
 92759 | Zot:5    | Killed an ancient lich
 92791 | Zot:5    | Noticed a dread lich
 92818 | Zot:5    | Killed a dread lich
 92878 | Zot:5    | Noticed an orb of fire
 92887 | Zot:5    | Killed an orb of fire
 92931 | Zot:5    | Noticed an ancient lich
 92938 | Zot:5    | Killed an ancient lich
 93184 | Zot:5    | Got the Orb of Zot
 93341 | Depths:1 | Noticed Vimm the pandemonium lord
 93353 | Depths:1 | Killed Vimm the pandemonium lord
 93581 | D:8      | Noticed Sidafas the pandemonium lord
 93590 | D:8      | Killed Sidafas the pandemonium lord
 93708 | D:3      | Noticed Vefry the pandemonium lord
 93763 | D:1      | Noticed Uroaz the pandemonium lord
 93772 | D:$      | Escaped with the Orb!

Illustrated notes

Levels and vault maps discovered:
D:1:      minmay_arrival_diagonal_passages, layout_rooms, serial_shops, shop,
          shop, nicolae_shop_trees, nicolae_shop_advertising_works
          [nicolae_subvault_shop_adworks], nicolae_shop_peninsula
D:2:      layout_rooms
D:3:      layout_rooms, old_standard_altar, uniq_sigmund, uniq_ijyb
D:4:      layout_rooms, cheibrodos_sewer_entry_bend, grunt_ministairs_7
D:5:      layout_loops_ring, lightli_temple_of_fire
D:6:      layout_rooms, serial_shops, shop
D:7:      layout_gridville, grunt_temple_overflow_cloverleaf,
          minmay_temple_entry_purple_smoke
D:8:      layout_basic, minivault_4, nzn_life_drinkers, uniq_gastronok
D:9:      layout_loops_ring, erik_lair_orcish_takeover,
          gammafunk_ghost_abyssal_escape, kennysheep_boxes, uniq_pikel
D:10:     layout_basic, serial_shops, nicolae_shop_bloodbath_and_beyond,
          uniq_psyche, uniq_erica
D:11:     layout_big_octagon, hiddenorc2_lemuel
D:12:     layout_cave_pools
D:13:     layout_basic, trove_entry_hex_spiral, uniq_sonja, uniq_urug
D:14:     layout_basic, hellmonk_vaults_keyhole, kennysheep_flooded_box,
          fountainhead, drop_trap, minmay_gold_behind_fungi, dk_noncrumbling_3,
          kennysheep_diamond, minivault_14, serial_bayou_crossing, uniq_agnes
D:15:     grunt_enter_depths_snipers, layout_loops_cross, serial_shops, shop,
          nicolae_shop_real_fake_doors, nicolae_shop_tiny_statue_garden, shop,
          okawaru_gym_becter
Temple:   eino_temple_scatter_basement
Lair:1:   layout_regular_city, gammafunk_ghost_arena, gauntlet_entry_generic,
          serial_bayou_pond_e
Lair:2:   layout_cave_shapes, nicolae_shoals_entry_flooding,
          nicolae_snake_entry_warm_welcome, grunt_megastairs_5,
          infiniplex_staircase_pool
Lair:3:   layout_loops_ring, uniq_kirke
Lair:4:   layout_loops_ring, gammafunk_ghost_icy, special_room
          [special_room_bee], portal_ice_cave_entry_ice_simulacra,
          lemuel_fruit_tree, infiniplex_staircase_pool_2
Lair:5:   evilmike_catoblepas_cave, layout_small_grid, dpeg_slime_entry_corner,
          gammafunk_ghost_wrathful_warriors, minmay_lair_drake_nest
Shoals:1: layout_shoals, lemuel_oklob_altar
Shoals:2: layout_shoals, nicolae_shoals_stone_sculpture_thing, uniq_mlioglotl
Shoals:3: layout_shoals, serial_shops, shop
Shoals:4: shoals_end_hangedman, layout_shoals, nicolae_shoals_cliffside_cave
Snake:1:  gammafunk_its_a_trap, layout_concentric_octagons,
          guppyfry_library_mini
Snake:2:  layout_honeycomb, serial_shops, nicolae_shop_back_alley_shop, shop,
          shop
Snake:3:  layout_layer_cave, serial_shops, shop_fountains, uniq_mara
Snake:4:  snake_pit, layout_cave_town
Slime:1:  layout_caves
Slime:2:  layout_caves
Slime:3:  layout_caves
Slime:4:  cheibrodos_slime_lost_civilization_8, layout_caves
Slime:5:  slime_pit_nicolae_block_by_block
Orc:1:    layout_diamond_mine
Orc:2:    st_orc_ogre_mass, layout_caves, mines3_lemuel
Elf:1:    nicolae_elf_arrival_fired_up, layout_loops_cross, serial_shops, shop,
          minmay_misc_feat_cross, uniq_jorgrun, uniq_asterion
Elf:2:    nicolae_elf_blades_splatter_lattice
          [nicolae_blade_entry_splitting_headache], layout_geoelf_octagon,
          nicolae_shop_i_like_big_books
Elf:3:    minmay_elf_hall_golems, layout_loops_cross,
          gammafunk_ghost_berserking_beasts, uniq_aizul, uniq_zenata
Vaults:1: v_pattern_1, vaults_standard_mumra_x, nicolae_vaults_apartment_2,
          hangedman_vaults_locks, nicolae_vaults_little_squares_4,
          vaults_room_hallway, vaults_room_grid, layout_vaults_omnigrid
Vaults:2: vaults_room_ringed_pool, minmay_crypt_entry_necro_gods,
          nicolae_vaults_puzzle_piece, v_rooms_4, nicolae_vaults_trapezoid_1,
          nicolae_vaults_offset_grid_hallway_3, nicolae_vaults_tangent_ellipses,
          vaults_dpeg_doors, nicolae_vaults_layer_cake_slice,
          vaults_standard_mumra_lines, v_rooms_5, vaults_room_pools,
          nicolae_vaults_wine_cellar, nicolae_vaults_two_Ls,
          layout_vaults_omnibox
Vaults:3: v_misc_15, nicolae_vaults_octothorpe,
          nicolae_vaults_offset_grid_hallway_2, ontoclasm_vaults_pinch,
          v_rooms_5, ontoclasm_vaults_eye, st_cells, v_rooms_5,
          vaults_room_semicircle, v_misc_11, hangedman_vaults_capsules,
          nicolae_vaults_six-pack, vaults_dpeg_ring, vaults_dpeg_cross,
          layout_vaults_ring, uniq_mennas, uniq_boris
Vaults:4: nicolae_vaults_little_squares_1, hangedman_vaults_pinch,
          nicolae_vaults_six-pack, nicolae_vaults_meiosis,
          nicolae_vaults_shock_wave, v_alt_pattern_1,
          nicolae_vaults_doubleplus_tesselated, hangedman_vaults_unwind,
          nicolae_vaults_closet_pinwheel_1, nicolae_vaults_tetromino_L_1,
          nicolae_vaults_little_squares_2, nicolae_vaults_tetromino_L_2,
          layout_vaults_maze
Vaults:5
Crypt:1:  layout_misc_corridors, uniq_vv
Crypt:2:  lemuel_vampire_tower, layout_chaotic_city, palyth_stone_intersect,
          grunt_ministairs_11
Crypt:3:  church_of_pain_bobbens, layout_chaotic_city,
          tomb_entry_simple_bobbens, st_burial_chamber
Depths:1: layout_basic, enter_ziggurat_d, abyss_entry,
          kennysheep_decorative_pillar, hell_entry, rand_demon_pan_entry_8,
          kennysheep_doodads, pandoras_box_mu, uniq_saint_roka
Depths:2: grunt_bent_corner, layout_gridville, pan_entry, nicolae_the_louvre,
          pf_hell_entry_tar_spiral, chequers_hall_statues_y,
          nicolae_letterblocks [nicolae_letter_subblock,
          nicolae_letter_subblock, nicolae_letter_subblock,
          nicolae_letter_subblock, nicolae_letter_subblock,
          nicolae_letter_subblock, nicolae_letter_subblock,
          nicolae_letter_subblock, nicolae_letter_subblock,
          nicolae_letter_subblock, nicolae_letter_subblock,
          nicolae_letter_subblock, nicolae_letter_subblock,
          nicolae_letter_subblock, nicolae_letter_subblock,
          nicolae_letter_subblock, nicolae_letter_subblock,
          nicolae_letter_subblock, nicolae_letter_subblock,
          nicolae_letter_subblock, nicolae_letter_subblock,
          nicolae_letter_subblock, nicolae_letter_subblock,
          nicolae_letter_subblock, nicolae_letter_subblock],
          minmay_staircase_bubble, firewood_loft, uniq_norris
Depths:3: nicolae_hitomezashi [nicolae_hito_row, nicolae_hito_row,
          nicolae_hito_row, nicolae_hito_row, nicolae_hito_row,
          nicolae_hito_row, nicolae_hito_row, nicolae_hito_row,
          nicolae_hito_row, nicolae_hito_row, nicolae_hito_row,
          nicolae_hito_row, nicolae_hito_row, nicolae_hito_row,
          nicolae_hito_row, nicolae_hito_row, nicolae_hito_row,
          nicolae_hito_row], layout_twisted_cross, pan_entry, xom_redecorated,
          hell_entry, serial_shops, shop, abyss_entry_small_statue_room,
          infiniplex_staircase_9_rooms, serial_bayou_shore_b
Depths:4: evilmike_zot_entry_argh, layout_small_grid,
          grunt_hell_entry_dis_grunt, nicolae_diode_basic
Zot:1:    ebering_klown_carousel, layout_misc_corridors, lemuel_flame_loot_1
Zot:2:    layout_concentric_octagons
Zot:3:    layout_basic, gammafunk_ghost_cemetery, grunt_megastairs_4
Zot:4:    layout_basic, st_small_dragon_hoard_4, grunt_ministairs_15,
          hangedman_zot_diagonal_lockstep
Zot:5:    layout_gridlike, nicolae_shop_clearance

Skill      XL: |  1  2  3  4  5  6  7  8  9 10 11 12 13 14 15 16 17 18 19 20 21 22 23 24 25 26 27 |
---------------+----------------------------------------------------------------------------------+-----
Dodging        | 3 4 5 6 7 9 10 12 14 16 17 19 20 21 23 24 26 27 | 27.0
Unarmed Combat | 4 5 6 8 9 10 12 14 16 17 18 20 21 22 24 27 | 27.0
Shapeshifting  | 5 6 7 10 17 18 20 22 27 | 27.0
Fighting       | 3 5 6 8 9 10 11 13 14 15 16 17 20 22 24 25 26 27 | 27.0
Invocations    | 10 | 10.0
Conjurations   | 1 |  1.5
Air Magic      | 1 |  1.5
Poison Magic   | 2 |  2.1
Stealth        | 10 16 20 | 20.0
Shields        | 5 6 |  6.0
Translocations | 5 6 10 12 | 12.1
Evocations     | 8 10 12 | 12.9

Action                     |  1- 3 |  4- 6 |  7- 9 | 10-12 | 13-15 | 16-18 | 19-21 | 22-24 | 25-27 || total
---------------------------+-------+-------+-------+-------+-------+-------+-------+-------+-------++-------
  Melee: Unarmed           |    86 |   125 |   433 |   587 |  1356 |  1952 |  1648 |  1583 |  2406 || 10176
         Punch             |     4 |     2 |       |       |    14 |       |       |     1 |   145 ||   166
         Tailslap          |       |       |    16 |     3 |       |    68 |    17 |     4 |       ||   108
         Constrict         |       |       |       |    79 |   151 |    21 |     2 |       |       ||   253
         Bite              |       |       |       |       |       |       |       |     2 |       ||     2
   Cast: Mephitic Cloud    |       |       |       |       |       |     1 |     2 |       |       ||     3
         Lesser Beckoning  |       |       |       |       |       |       |       |    40 |    48 ||    88
         Blink             |       |       |       |       |       |       |       |       |     6 ||     6
 Invoke: Heroism           |       |       |       |       |     6 |     4 |    13 |     7 |     5 ||    35
         Receive Armour    |       |       |       |       |     1 |       |       |       |       ||     1
         Finesse           |       |       |       |       |       |     2 |     2 |     1 |     1 ||     6
         Divine Shield     |       |       |       |       |       |       |       |       |     6 ||     6
         Cleansing Flame   |       |       |       |       |       |       |       |       |     1 ||     1
         Summon Divine War |       |       |       |       |       |       |       |       |     1 ||     1
Ability: Begin Untransform |       |     1 |       |       |     2 |     1 |       |       |       ||     4
         Breathe Fire      |       |       |       |       |       |       |       |     2 |       ||     2
         Blinkbolt         |       |       |       |       |       |       |       |       |     5 ||     5
  Evoke: Wand              |       |     1 |     1 |     3 |     4 |     2 |     1 |     9 |     8 ||    29
         Lightning rod     |       |       |       |       |       |       |     5 |     7 |     5 ||    17
    Use: Potion            |     1 |     1 |     1 |     9 |     2 |     6 |    12 |     6 |     6 ||    44
         Scroll            |     1 |     5 |     4 |     9 |    16 |    12 |     6 |     5 |    11 ||    69
   Stab: Sleeping          |       |     1 |       |     1 |     2 |     1 |    14 |    13 |     2 ||    34
         Distracted        |       |       |       |     1 |     1 |       |       |     6 |     1 ||     9
         Paralysed         |       |       |       |     1 |       |     4 |       |       |       ||     5
         Invisible         |       |       |       |     5 |     8 |       |       |       |       ||    13
         Confused          |       |       |       |       |       |       |     3 |       |       ||     3
 Armour: Animal skin       |    36 |    36 |       |       |       |       |       |       |       ||    72
         Skin              |     4 |     2 |       |   267 |   295 |    40 |   401 |   821 |  1013 ||  2843
         Robe              |       |    20 |   150 |    66 |   220 |   522 |   191 |       |       ||  1169
  Dodge: Dodged            |    55 |   105 |   363 |   513 |  1325 |  2534 |  1702 |  1902 |  2851 || 11350
         Repelled          |       |       |       |       |       |    48 |     9 |     9 |       ||    66
  Block: Buckler           |       |       |       |       |       |       |   539 |  1012 |   927 ||  2478
         Reflection        |       |       |       |       |       |       |    29 |    59 |    38 ||   126
         Other             |       |       |       |       |       |       |       |       |    18 ||    18
   Form: Flux              |       |     1 |       |       |     1 |     1 |     1 |       |       ||     4
         Anaconda          |       |       |       |     1 |     3 |       |     1 |       |       ||     5
         Beast             |       |       |       |       |     2 |       |       |       |       ||     2
                           |       |       |       |       |     1 |       |     1 |       |     1 ||     3
         Statue            |       |       |       |       |       |       |     3 |     1 |     1 ||     5
         Death             |       |       |       |       |       |       |     1 |       |     1 ||     2
         Dragon            |       |       |       |       |       |       |       |     1 |       ||     1
         Storm             |       |       |       |       |       |       |       |       |     2 ||     2

Table legend: (Time is in decaauts)
 A = Elapsed time spent in this place.
 B = Non-inter-level travel time spent in this place.
 C = Inter-level travel time spent in this place.
 D = Time resting spent in this place.
 E = Time spent auto-exploring this place.
 F = Levels seen in this place.
 G = Mean time per level.
                   A        B        C        D        E       F      G
               +--------+--------+--------+--------+--------+-----+--------+
         Total | 104094 |  88588 |  15506 |  12799 |  56035 |  63 | 1652.3 |
       Dungeon |  21999 |  15172 |   6827 |   1245 |  11138 |  15 | 1466.6 |
        Temple |     53 |     34 |     19 |      0 |     33 |   1 |   53.0 |
          Lair |   9737 |   8474 |   1263 |   1221 |   5689 |   5 | 1947.4 |
        Shoals |   6671 |   6397 |    274 |   1201 |   3804 |   4 | 1667.8 |
     Snake Pit |   8212 |   7346 |    866 |    804 |   5219 |   4 | 2053.0 |
    Slime Pits |   4452 |   4105 |    347 |     39 |   3313 |   5 |  890.4 |
  Orcish Mines |   3705 |   2654 |   1051 |    897 |   1136 |   2 | 1852.5 |
   Elven Halls |   7392 |   6175 |   1217 |   1668 |   2765 |   3 | 2464.0 |
        Vaults |  15408 |  13585 |   1823 |   2402 |   7978 |   5 | 3081.6 |
         Crypt |   8567 |   8165 |    402 |    896 |   5467 |   3 | 2855.7 |
        Depths |   9203 |   8184 |   1019 |   1770 |   4388 |   4 | 2300.8 |
           Zot |   5020 |   4628 |    392 |    298 |   3139 |   5 | 1004.0 |
         Abyss |    799 |    799 |      0 |      0 |    199 |   3 |  266.3 |
         Trove |     94 |     94 |      0 |      0 |     68 |   1 |   94.0 |
         Sewer |    485 |    485 |      0 |      0 |    312 |   1 |  485.0 |
      Ice Cave |   1322 |   1322 |      0 |      0 |    930 |   1 | 1322.0 |
      Gauntlet |    968 |    968 |      0 |    356 |    453 |   1 |  968.0 |
               +--------+--------+--------+--------+--------+-----+--------+

Top non-repeatable levels by time:
 Crypt:1: 4319 daAuts
Vaults:2: 4060 daAuts
Vaults:1: 3354 daAuts
Vaults:3: 3256 daAuts
Depths:2: 2950 daAuts
   Elf:2: 2927 daAuts
 Snake:1: 2570 daAuts
 Crypt:3: 2508 daAuts
  Lair:2: 2446 daAuts
    D:14: 2413 daAuts
Vaults:5: 2404 daAuts
Depths:1: 2380 daAuts
Depths:3: 2369 daAuts
   Orc:2: 2366 daAuts
  Lair:5: 2349 daAuts
